 Dungeon Crawl Stone Soup version 0.28.0-1-gb440e238dd (webtiles) character file.

Game seed: 17994060586178237751

151 buriedalive the Chiller (level 5, -1/28 HPs)
             Began as a Deep Elf Ice Elementalist on Feb 23, 2022.
             Was an Initiate of Vehumet.
             Slain by a gnoll (4 damage)
             ... on level 4 of the Dungeon.
             The game lasted 00:05:38 (4071 turns).

buriedalive the Chiller (Deep Elf Ice Elementalist) Turns: 4071, Time: 00:05:39

Health: -1/28      AC:  5    Str:  5    XL:     5   Next: 10%
Magic:  11/11      EV: 12    Int: 22    God:    Vehumet [......]
Gold:   72         SH:  0    Dex: 15    Spells: 3/10 levels left

rFire   . . .      SeeInvis .   o - +0 dagger
rCold   . . .      Faith    .   (no shield)
rNeg    . . .      Spirit   .   l - +2 leather armour {rPois}
rPois   +          Reflect  .   (no helmet)
rElec   .          Harm     .   (no cloak)
rCorr   .          Rampage  .   (no gloves)
Will    .....                   (no boots)
Stlth   ++........              (no amulet)
HPRegen 0.09/turn               f - ring of poison resistance
MPRegen 0.12/turn               (no ring)

@: no status effects
A: no striking features
a: Renounce Religion


You were on level 4 of the Dungeon.
You worshipped Vehumet.
Vehumet was noncommittal.
You visited 1 branch of the dungeon, and saw 4 of its levels.

You collected 72 gold pieces.

Inventory:

Hand Weapons
 o - a +0 dagger (weapon)
Missiles
 g - 5 datura-tipped darts
 q - 8 poisoned darts (quivered)
Armour
 a - a +0 robe
 l - a +2 leather armour of poison resistance (worn)
Jewellery
 f - a ring of poison resistance (left hand)
Scrolls
 b - 2 scrolls of teleportation {unknown}
 e - a scroll of noise {unknown}
 j - 2 scrolls of enchant armour {unknown}
 k - a scroll of fear {unknown}
 m - a scroll of magic mapping {unknown}
 n - a scroll of identify {unknown}
Potions
 c - 2 potions of flight {unknown}
 d - a potion of mutation {unknown}
 h - 3 potions of haste {unknown}
 i - a potion of magic
 p - a potion of might {unknown}
 r - a potion of curing {unknown}


   Skills:
 - Level 0.6 Fighting
 - Level 0.3 Short Blades
 - Level 0.3 Throwing
 - Level 1.1 Armour
 + Level 3.3 Dodging
 + Level 2.4 Stealth
 - Level 0.5 Unarmed Combat
 + Level 3.0 Spellcasting
 + Level 6.0 Ice Magic


You had 3 spell levels left.
You knew the following spells:

 Your Spells              Type           Power      Damage    Failure   Level
a - Freeze                Ice            100%       1d11      1%          1
b - Ozocubu's Armour      Ice            29%        N/A       4%          3
c - Frozen Ramparts       Ice            58%        1d7       4%          3

Your spell library contained the following spells:

 Spells                   Type           Power      Damage    Failure   Level
 Static Discharge         Conj/Air       3%         N/A       30%         2
 Dazzling Flash           Conj/Hex       6%         N/A       52%         3
 Hailstorm                Conj/Ice       16%        3d6       50%         4
 Agony                    Necr           3%         N/A       99%         5
 Lightning Bolt           Conj/Air       1%         1d12      99%         5
 Silence                  Hex/Air        1%         N/A       99%         5
 Maxwell's Capacitive Co  Air            1%         ∞         100%        8


Dungeon Overview and Level Annotations

Branches:
Dungeon (4/15)
 Temple: D:4-7

Altars:
Kikubaaqudgha
Vehumet

Shops:
D:3 [


Message History

You see here a +0 spear.
Found an ancient bone altar of Kikubaaqudgha.
You see here a +0 spear.
There is a stone staircase leading down here.
Done exploring.
Done exploring.
Done exploring.
(D) Dungeon
Where to? (Enter - D:3, ? - help)
You see here a +0 club.
There is a stone staircase leading down here.
You climb downwards.
Found a whip and 8 gold pieces.
There is a stone staircase leading up here.
There are monsters nearby!
There are monsters nearby!
A gnoll shaman and 2 gnolls come into view.
Found 24 arrows.
The gnoll shouts! x2; You hear a shout!
The gnoll shouts!
Found a flail.
The gnoll shouts!
You hear a shout! x2
You see here a +0 whip.
An orc comes into view. It is wielding a +0 dagger.
The gnoll shaman shouts!
The gnoll hits you from afar with a +0 spear!
You closely miss the gnoll. The gnoll closely misses you.
The gnoll misses you. x3
You hit the gnoll but do no damage. The gnoll barely misses you.
The gnoll closely misses you. x2; The gnoll hits you with a +0 whip.
The gnoll hits you but does no damage. The gnoll misses you.
The gnoll barely misses you.
The gnoll hits you from afar with a +0 halberd!
An orc wizard comes into view. It is wielding a +0 dagger.
The gnoll barely misses you.
The gnoll hits you from afar with a +0 spear.
* * * LOW HITPOINT WARNING * * *
The gnoll completely misses you. The gnoll barely misses you.
The gnoll misses you. The gnoll barely misses you.
The gnoll hits you from afar with a +0 spear.
You die...

.........$.
...........#
...........#
..(........#
.o.......#.#
.....o...#<#
.....g.....#.#.#
.....ggg)........
......g@...#.#.#.
.......g.###.#
########## #


You could see a gnoll shaman, an orc wizard, 5 gnolls and an orc.

Vanquished Creatures
  A necrophage (D:2)
  An adder (D:2)
  A dart slug (D:1)
  2 worms (D:3)
  9 bats
  4 endoplasms
  3 giant cockroaches
  3 goblins
  6 hobgoblins
  2 quokkas (D:1)
  5 frilled lizards
  6 kobolds
  6 rats
49 creatures vanquished.

Notes
Turn   | Place    | Note
-------+----------+-------------------------------------------
     0 | D:1      | buriedalive the Deep Elf Ice Elementalist began the quest
                  | for the Orb.
     0 | D:1      | Reached XP level 1. HP: 10/10 MP: 6/6
   427 | D:1      | Reached XP level 2. HP: 15/15 MP: 6/8
   488 | D:1      | Reached skill level 5 in Ice Magic
  1783 | D:2      | Reached XP level 3. HP: 19/19 MP: 9/9
  3057 | D:3      | Found a radiant altar of Vehumet.
  3063 | D:3      | Became a worshipper of Vehumet
  3095 | D:3      | Found Rapett's Antique Armour Boutique.
  3523 | D:3      | Found a faded altar of an unknown god.
  3563 | D:3      | Noticed a necrophage
  3580 | D:2      | Learned a level 3 spell: Ozocubu's Armour
  3584 | D:2      | Learned a level 3 spell: Frozen Ramparts
  3600 | D:2      | Killed a necrophage
  3601 | D:2      | Reached skill level 1 in Armour
  3601 | D:2      | Reached skill level 6 in Ice Magic
  3601 | D:2      | Reached XP level 4. HP: 13/24 MP: 1/10
  3601 | D:2      | Reached XP level 5. HP: 15/28 MP: 1/11
  3992 | D:3      | Found an ancient bone altar of Kikubaaqudgha.
  4071 | D:4      | Slain by a gnoll

Illustrated notes

Levels and vault maps discovered:
D:1:      dpeg_arrival_renting, layout_basic, minmay_misc_feat_five
D:2:      layout_loops_cross
D:3:      layout_rooms, nicolae_vehumet_altar_sigil,
          mainiacjoe_overflow_alcove_2, serial_shops, nicolae_shop_behind_doors,
          shapermc_ecumenical_altar_pompeii, minmay_misc_feat_pillars
D:4:      layout_rooms, nicolae_ru_sacrificial_ziggurat

Skill      XL: |  1  2  3 |
---------------+----------+-----
Ice Magic      | 5 6 |  6.0
Dodging        | 3 |  3.3
Armour         | 1 |  1.1
Fighting       | |  0.6
Short Blades   | |  0.3
Throwing       | |  0.3
Stealth        | |  2.4
Unarmed Combat | |  0.5
Spellcasting   | |  3.0

Action                   |  1- 3 |  4- 6 || total
-------------------------+-------+-------++-------
Melee: Unarmed           |    54 |       ||    54
       Dagger            |    26 |     4 ||    30
       Punch             |       |     1 ||     1
Throw: Dart              |     6 |       ||     6
 Cast: Freeze            |    61 |     1 ||    62
       Ozocubu's Armour  |     1 |       ||     1
       Frozen Ramparts   |     1 |       ||     1
  Use: Potion            |       |     1 ||     1
 Stab: Sleeping          |     9 |       ||     9
Armor: Robe              |     6 |       ||     6
       Leather armour    |    30 |     2 ||    32
Dodge: Dodged            |    89 |    23 ||   112
